 Dungeon Crawl Stone Soup version 0.32-a0-871-ge202e49 (webtiles) character file.

Game seed: 12930126065000733638

21063746 Tanach the Minotaur Ballista (level 27, 273/273 HPs)
             Began as a Minotaur Fighter on Mar 29, 2024.
             Was a High Priest of the Shining One.
             Escaped with the Orb
             ... and 15 runes
             ... and 1 gem!
             The game lasted 02:20:54 (72273 turns).

Tanach the Minotaur Ballista (Minotaur Fighter)    Turns: 72273, Time: 02:20:54

Health: 273/273    AC: 49    Str: 30    XL:     27
Magic:  35/35      EV: 14    Int: 13    God:    the Shining One [*****.]
Gold:   12339      SH: 43    Dex: 12    Spells: 26/26 levels left

rFire   + + +        e - +9 broad axe (holy)
rCold   + + .        c - +2 tower shield
rNeg    + + +        L - +10 gold dragon scales
rPois   +            G - +0 hat {Will+}
rElec   +            I - +0 cloak of the Playwright {-Cast rElec Regen+ Slay+3}
rCorr   +            n - +2 pair of gloves {Stlth+}
SInv    +            g - +2 pair of boots {rampage}
Will    ++++.        Z - amulet of Woamaes {Will+ Regen+} Stlth
                     W - ring of the Swan {rPois rN+ rCorr SInv}
HPRegen 2.25/turn    z - ring "Sofi Reu" {rF++ Int+6 Dex+3 Stlth+}
MPRegen 0.24/turn

%: no spellcasting, rampage
@: divinely shielded, glowing, studying 3 skills
A: horns 2, retaliatory headbutt, talons 1, iridescent scales 1, clumsy 1, cold
resistance 1, dopey 1, low MP 1, subdued magic 1
0: Orb of Zot
}: 15/15 runes: decaying, slimy, silver, golden, iron, obsidian, icy, bone,
abyssal, demonic, glowing, magical, fiery, dark, gossamer
a: Renounce Religion, Divine Shield, Cleansing Flame, Summon Divine Warrior


You escaped.
You worshipped the Shining One.
The Shining One was extremely pleased with you.
You visited 18 branches of the dungeon, and saw 88 of its levels.
You visited Pandemonium 1 time, and saw 14 of its levels.
You visited the Abyss 3 times.
You visited 1 bazaar.
You also visited: Ice Cave and Desolation.

You collected 17314 gold pieces.
You spent 4975 gold pieces at shops.

Inventory:

Hand Weapons
 e - a +9 broad axe of holy wrath (weapon)
 O - the +6 broad axe of Suekkuic {freeze, rF+ rCorr Str+3 Stlth-}
   (Okawaru gifted it to you on level 1 of the Lair of Beasts)

   Str+3:     It affects your strength (+3).
   rF+:       It protects you from fire.
   rCorr:     It protects you from acid and corrosion.
   Stlth-:    It makes you less stealthy.
Missiles
 x - 15 javelins (quivered)
 C - 16 curare-tipped darts {!f}
 K - 8 silver javelins
 U - a throwing net {!f}
Armour
 c - a +2 tower shield (worn)
 g - a +2 pair of boots of rampaging (worn)
 n - a +2 pair of gloves of stealth (worn)
 G - a +0 hat of willpower (worn)
 I - the +0 cloak of the Playwright (worn) {-Cast rElec Regen+ Slay+3}
   (You found it on level 3 of the Tomb of the Ancients)

   Slay+3:    It affects your accuracy & damage with ranged weapons and melee
   (+3).
   rElec:     It insulates you from electricity.
   -Cast:     It prevents spellcasting.
   Regen+:    It increases your rate of health regeneration.
 L - +10 gold dragon scales (worn)
 P - the +1 crystal plate armour "Emofilas" {rElec rPois}
   (Okawaru gifted it to you on level 1 of the Lair of Beasts)

   rElec:     It insulates you from electricity.
   rPois:     It protects you from poison.
Jewellery
 y - a ring of flight
 z - the ring "Sofi Reu" (right hand) {rF++ Int+6 Dex+3 Stlth+}
   (You found it on level 4 of the Realm of Zot)

   [ring of intelligence]

   Int+6:     It affects your intelligence (+6).
   Dex+3:     It affects your dexterity (+3).
   rF++:      It greatly protects you from fire.
   Stlth+:    It makes you more stealthy.
 M - a ring of protection from cold
 R - the ring "Kuecuroi" {Wiz rN+ Str+4}
   (You found it in the Desolation of Salt)

   [ring of wizardry]

   Wiz:       It improves your spell success rate.
   Str+4:     It affects your strength (+4).
   rN+:       It protects you from negative energy.
 W - the ring of the Swan (left hand) {rPois rN+ rCorr SInv}
   (You found it on level 5 of the Lair of Beasts)

   [ring of see invisible]

   rPois:     It protects you from poison.
   rN+:       It protects you from negative energy.
   SInv:      It lets you see invisible.
   rCorr:     It protects you from acid and corrosion.
 Y - a ring of willpower
 Z - the amulet of Woamaes (around neck) {Will+ Regen+}
   (You found it in the Desolation of Salt)

   [amulet of regeneration]

   Will+:     It increases your willpower.
   Regen+:    It increases your rate of health regeneration.
Wands
 J - a wand of iceblast (75)
 S - a wand of acid (39)
 X - a wand of digging (42)
Scrolls
 j - 5 scrolls of brand weapon
 k - a scroll of silence
 r - 12 scrolls of fear
 t - 10 scrolls of vulnerability
 A - 3 scrolls of fog
 F - 11 scrolls of immolation
 N - 3 scrolls of summoning
 V - 17 scrolls of teleportation
Potions
 a - 3 potions of attraction
 d - a potion of might
 l - 5 potions of berserk rage
 m - 4 potions of cancellation
 p - 3 potions of resistance
 q - 14 potions of heal wounds
 s - 5 potions of magic
 u - 11 potions of mutation
 B - 14 potions of lignification
 D - 3 potions of enlightenment
 H - 22 potions of curing
 T - 7 potions of ambrosia
Miscellaneous
 b - a phantom mirror (inert)
 f - a figurine of a ziggurat
 h - a tin of tremorstones (2/2)
 w - a Gell's gravitambourine (2/2)
 E - a lightning rod (4/4)
 Q - a box of beasts


   Skills:
 O Level 27 Fighting
 O Level 27 Axes
 O Level 27 Throwing
 O Level 27 Armour
 + Level 22.4 Dodging
 O Level 27 Shields
 O Level 27 Invocations
 + Level 16.5 Evocations


You had 26 spell levels left.
You didn't know any spells.
Your spell library contained the following spells:

 Spells                   Type           Power      Damage    Failure   Level
 Apportation              Tloc           0%         N/A       82%         1
 Foxfire                  Conj/Fire      0%         2x1d4     82%         1
 Freeze                   Ice            0%         1d3       82%         1
 Kiss of Death            Conj/Necr      0%         2d5       82%         1
 Magic Dart               Conj           0%         1d3       82%         1
 Necrotise                Necr           0%         1d4       82%         1
 Slow                     Hex            0%         N/A       82%         1
 Sting                    Conj/Alch      0%         1d3       82%         1
 Summon Small Mammal      Summ           0%         N/A       82%         1
 Blink                    Tloc           0%         N/A       92%         2
 Call Imp                 Summ           0%         N/A       92%         2
 Ensorcelled Hibernation  Hex/Ice        0%         N/A       92%         2
 Jinxbite                 Hex            0%         N/A       92%         2
 Lesser Beckoning         Tloc           0%         N/A       92%         2
 Mercury Vapours          Alch/Air       0%         N/A       92%         2
 Scorch                   Fire           0%         2d5       92%         2
 Searing Ray              Conj           0%         2d4       92%         2
 Confusing Touch          Hex            0%         N/A       99%         3
 Dazzling Flash           Conj/Hex       0%         N/A       99%         3
 Frozen Ramparts          Ice            0%         1d1       99%         3
 Fugue of the Fallen      Necr           0%         N/A       99%         3
 Hailstorm                Conj/Ice       0%         3d5       99%         3
 Inner Flame              Hex/Fire       0%         N/A       99%         3
 Mephitic Cloud           Conj/Alch/Air  0%         N/A       99%         3
 Ozocubu's Armour         Ice            0%         N/A       99%         3
 Passwall                 Erth           0%         N/A       99%         3
 Sigil of Binding         Hex            0%         N/A       99%         3
 Summon Ice Beast         Ice/Summ       0%         N/A       99%         3
 Swiftness                Air            0%         N/A       99%         3
 Teleport Other           Tloc           0%         N/A       99%         3
 Tukima's Dance           Hex            0%         N/A       99%         3
 Vampiric Draining        Necr           0%         2d6       99%         3
 Volatile Blastmotes      Fire/Tloc      0%         2d10      99%         3
 Airstrike                Air            0%         2d(0-16)  100%        4
 Anguish                  Hex/Necr       0%         N/A       100%        4
 Animate Armour           Summ/Erth      0%         N/A       100%        4
 Brom's Barrelling Bould  Conj/Erth      0%         2d3       100%        4
 Cause Fear               Hex            0%         N/A       100%        4
 Dimensional Bullseye     Hex/Tloc       0%         N/A       100%        4
 Flame Wave               Conj/Fire      0%         2d4       100%        4
 Fulminant Prism          Conj/Alch      0%         3d5       100%        4
 Ignite Poison            Fire/Alch      0%         N/A       100%        4
 Iskenderun's Mystic Bla Conj/Tloc 0%             2d3        (+2d1     100%        4
 Leda's Liquefaction      Alch/Erth      0%         N/A       100%        4
 Maxwell's Portable Pile  Tloc           0%         2d(5-10)  100%        4
 Olgreb's Toxic Radiance  Alch           0%         N/A       100%        4
 Petrify                  Alch/Erth      0%         N/A       100%        4
 Sticky Flame             Fire/Alch      0%         2d4       100%        4
 Summon Lightning Spire   Summ/Air       0%         N/A       100%        4
 Vhi's Electric Charge    Tloc/Air       0%         N/A       100%        4
 Alistair's Intoxication  Alch           0%         N/A       100%        5
 Arcjolt                  Conj/Air       0%         1d10      100%        5
 Curse of Agony           Necr           0%         N/A       100%        5
 Fireball                 Conj/Fire      0%         3d3       100%        5
 Iskenderun's Battlesphe  Conj           0%         2d6       100%        5
 Lee's Rapid Deconstruct  Erth           0%         3d4*      100%        5
 Metabolic Englaciation   Hex/Ice        0%         N/A       100%        5
 Silence                  Hex/Air        0%         N/A       100%        5
 Summon Forest            Summ/Tloc      0%         N/A       100%        5
 Summon Mana Viper        Hex/Summ       0%         N/A       100%        5
 Yara's Violent Unravell  Hex/Alch       0%         3d3       100%        5
 Bombard                  Conj/Erth      0%         9d1       100%        6
 Conjure Ball Lightning   Conj/Air       0%         3x3d6     100%        6
 Death Channel            Necr           0%         N/A       100%        6
 Dispersal                Tloc           0%         N/A       100%        6
 Eringya's Noxious Bog    Alch           0%         4d6       100%        6
 Gell's Gavotte           Tloc           0%         2d(11-16) 100%        6
 Permafrost Eruption      Ice/Erth       0%         2x4d2     100%        6
 Plasma Beam              Fire/Air       0%         2x1d10    100%        6
 Sculpt Simulacrum        Ice/Alch       0%         N/A       100%        6
 Starburst                Conj/Fire      0%         6d3       100%        6
 Summon Cactus Giant      Summ           0%         N/A       100%        6
 Enfeeble                 Hex            0%         N/A       100%        7
 Haunt                    Necr/Summ      0%         N/A       100%        7
 Manifold Assault         Tloc           0%         N/A       100%        7
 Orb of Destruction       Conj           0%         9d5       100%        7
 Spellforged Servitor     Conj/Summ      0%         N/A       100%        7
 Borgnjor's Revivificati  Necr           0%         N/A       100%        8
 Discord                  Hex            0%         N/A       100%        8
 Disjunction              Tloc           0%         N/A       100%        8
 Ignition                 Fire           0%         3d3       100%        8
 Chain Lightning          Conj/Air       0%         N/A       100%        9
 Death's Door             Necr           0%         N/A       100%        9
 Fire Storm               Conj/Fire      0%         5d1       100%        9
 Shatter                  Erth           0%         3d5*      100%        9


Dungeon Overview and Level Annotations

Branches:
Dungeon (15/15)            Temple (1/1) D:4            Lair (5/5) D:11
  Swamp (4/4) Lair:3       Spider (4/4) Lair:2        Slime (5/5) Lair:4
    Orc (2/2) D:11            Elf (3/3) Orc:2        Vaults (5/5) D:14
  Crypt (3/3) Vaults:3       Tomb (3/3) Crypt:3      Depths (4/4) D:15
   Hell (visited)             Dis (7/7) Hell            Geh (7/7) Hell
    Coc (7/7) Hell            Tar (7/7) Hell            Zot (5/5) Depths:4
  IceCv (visited)         Desolation (visited)

Altars:
Ashenzari
Cheibriados
Dithmenos
Elyvilon
Fedhas
Gozag
Hepliaklqana
Kikubaaqudgha
Makhleb
Nemelex Xobeh
Okawaru
Qazlal
Ru
Sif Muna
Trog
Uskayaw
Vehumet
Wu Jian
Xom
Yredelemnul
Zin
The Shining One
Beogh
Jiyva

Shops:
D:2 =   D:5 *   D:11 [   Orc:1 *   Orc:2 (:*[   Elf:1 [   Vaults:1 ?
Vaults:3 ****   Vaults:5 ?!?:!=

Portals:
Hell: Depths:1 Depths:2 Depths:3 Depths:4
Abyss: Depths:2 Depths:3
Pandemonium: Depths:2
Ziggurat: Depths:2

Annotations:
D:5 exclusion: downstairs
D:7 3 runed translucent doors, poml's ghost, novice DsSu
D:8 4 transporters
D:13 3 runed translucent doors, gb0801's ghost, journeyman AtFi
Orc:2 exclusion: upstairs
Vaults:1 1 runed translucent door
Vaults:3 exclusion: obsidian statue
Crypt:1 3 runed translucent doors, Vailuoroe's ghost, veteran GrEE
Crypt:2 2 transporters, exclusion: obsidian statue, Osipn's ghost, veteran MiGl; rrossfarrar's ghost, veteran BaFi
Depths:4 2 transporters


Innate Abilities, Weirdness & Mutations

You have a pair of horns on your head.
You reflexively headbutt those who attack you in melee.
You have sharp toenails.
You are partially covered in iridescent scales. (AC +2)
You are clumsy. (Dex -2)
Your flesh is cold resistant. (rC+)
You are dopey. (Int -2)
Your magical capacity is low. (-10% MP)
Your spells are a little easier to cast, but a little less powerful.


Message History

Okay, then.
You block Ezxoceeb's attack. x2
Your attacks no longer feel as feeble.
You block Ezxoceeb's attack. x2
You block Ezxoceeb's attack. Ezxoceeb attacks as it pursues you!
You block Ezxoceeb's attack.
Blink to where?
Press: ? - help, Dir - move target
As you read the scroll of blinking, it crumbles to dust.
You climb upwards.
There is a stone staircase leading down here.
Magic restored.
There is a stone staircase leading up here.
You climb upwards.
There is a stone staircase leading down here.
Aiming: Dig
Press: ? - help, Shift-Dir - straight line A rock wall.
This square is lit by a halo and is covered in magical glow.
The rock shatters into small pieces.
There is an open door here.
There is a staircase leading out of the dungeon here.
You are illuminated by a large divine halo.
You are shielded by the power of the Shining One.
You are glowing.
You are studying Polearms, Armour and Stealth.
Your movement speed is average.
Your attack delay is about 0.7 (and cannot be improved with additional weapon skill).
Your damage rating with your +9 broad axe of holy wrath is about 58 (Base 13 x 160% (Str) x 223% (Skill) + 12 (Ench + Slay)).
Your base attributes are Str 30, Int 9, Dex 11.
Okay, then.
You're wearing all the rings you can.
Remove which one? (? for menu, Esc to cancel) < or
W - the ring of the Swan {rPois rN+ rCorr SInv} > or
R - the ring "Kuecuroi" {Wiz rN+ Str+4} You remove the ring "Kuecuroi" {Wiz rN+ Str+4}.
You feel clever.
You feel agile.
z - the ring "Sofi Reu" (right hand) {rF++ Int+6 Dex+3 Stlth+} You can't go down here!
You have escaped!

#########.############ #.##.##
.###...#ß.ß# #.# ###.#)#..
.......##.## #.##...###..
.###...##.## #.#.#......
.......#ß.ß# ######..####.#.
.......##.## ####.......####.#.
.#####.##.## ###..#............#.
.# #.#ß.ß###....'......##.####.
.# #.##.###..#@.##########.>...
.#####.##'##...#..÷÷### #.###.
...............####÷..## #.# #.
.#####.........# ##...#####.###.
.# #####.#...# ##..##>....##.
.#########.....# ##(..####..##.
...............# #...)##.......
##.#######.....#####....##.#..###
#.# #.#......##....#.....#


There were no monsters in sight!

Vanquished Creatures
  Cerebov (Pan)
  Antaeus (Coc:7)
  Asmodeus (Geh:7)
  Ereshkigal (Tar:7)
  the Royal Jelly (Slime:5)
  Mnoleg (Pan)
  Gloorx Vloq (Pan)
  Lom Lobon (Pan)
  the Serpent of Hell (Geh:7)
  7 dread liches
  8 ancient liches
  Khufu (Tomb:1)
  7 orbs of fire
  Dispater (Dis:7)
  Mennas (Pan)
  Mara (Swamp:3)
  A juggernaut (Depths:3)
  Bai Suzhen (Vaults:4)
  Vv (Depths:4)
  17 royal mummies
  6 Killer Klowns
  30 caustic shrikes
  18 shard shrikes
  2 curse toes
  Margery (Vaults:5)
  Geryon (Hell)
  Norris (Depths:3)
  5 bone dragons
  12 golden dragons
  4 profane servitors
  11 Tzitzimimeh
  Arachne (Spider:4)
  5 electric golems
  9 doom hounds
  5 pandemonium lords
  5 iron giants
  9 hellephants
  10 Brimstone Fiends
  2 spectral shard shrikes (Tar:3)
  27 Ice Fiends
  A shard shrike skeleton (Tomb:3)
  21 Hell Sentinels
  16 tentacled monstrosities
  9 liches
  11 tainted leviathans
  24 titans
  27 Orb Guardians
  6 quicksilver dragons
  A walking divine tome (Depths:3)
  17 searing wretches
  8 deep elf blademasters
  16 acid blobs
  An eldritch tentacle (Pan)
  Grunn (Crypt:1)
  15 ancient champions
  5 deep elf master archers
  3 tentacled starspawn
  11 sphinxes
  5 death cobs
  Kirke (Elf:1)
  11 Executioners (Pan)
  4 thorn hunters (Swamp:4)
  9 tengu reavers
  15 shadow dragons
  14 storm dragons
  Donald (Swamp:3)
  12 protean progenitors
  6 revenants
  2 nagarajas (Pan)
  A fenstrider witch (Pan)
  Roxanne (Spider:4)
  5 narguns
  9 rockslimes (Slime:5)
  Aizul (Vaults:1)
  5 draconian monks
  25 fire giants
  10 azure jellies
  2 draconian knights (Zot:2)
  20 frost giants
  3 demonspawn warmongers (Pan)
  25 balrugs
  9 quicksilver elementals
  A spectral juggernaut (Tar:3)
  4 iron dragons
  4 deep elf sorcerers
  14 shard shrike simulacra
  A draconian shifter (Zot:3)
  12 vault wardens
  4 curse skulls
  2 draconian scorchers (Zot:3)
  6 spectral caustic shrikes
  9 ghost moths
  3 orc warlords
  7 demonspawn blood saints (Pan)
  2 emperor scorpions (Spider:4)
  11 reapers
  A ghoul (Vaults:3)
  5 formless jellyfish
  2 broodmothers (Spider:4)
  3 draconian stormcallers
  3 deep elf elementalists (Elf:3)
  8 cacodemons
  4 draconian annihilators
  A juggernaut zombie (Crypt:1)
  8 quicksilver oozes (Slime:5)
  2 spriggan defenders
  5 demonspawn corrupters (Pan)
  21 ironbound preservers
  21 very ugly things
  23 stone giants
  3 ironbound thunderhulks
  8 deep elf death magi
  10 black draconians
  11 deep elf demonologists
  16 green draconians
  5 eleionomae
  6 white draconians
  3 halazid warlocks (Desolation)
  4 vampire knights
  7 putrid mouths
  23 war gargoyles
  18 bennus
  2 spectral titans (Tar:3)
  11 lorocyprocas (Pan)
  8 deep elf annihilators
  13 demonspawn black suns (Pan)
  11 purple draconians
  16 wendigos
  2 bunyips
  22 elemental wellsprings
  9 yellow draconians
  7 dire elephants
  5 spark wasps
  27 iron golems
  9 eidola
  10 red draconians
  23 mummy priests
  5 blizzard demons (Pan)
  A merfolk impaler (Depths:4)
  10 fire dragons
  4 green deaths
  A crystal guardian (Desolation)
  13 ettins
  A spectral spriggan (Tar:3)
  Josephine (D:10)
  9 deep elf high priests
  9 yaktaur captains
  7 ragged hierophants (Desolation)
  6 entropy weavers
  13 great orbs of eyes
  31 vault guards
  Fannar (Orc:1)
  8 caustic shrike simulacra
  14 ice dragons
  4 peacekeepers
  A sphinx zombie (Hell)
  2 spriggan air magi
  5 rakshasas
  2 jorogumos
  12 servants of whispers (Desolation)
  2 spriggan zombies
  3 ghost crabs (Crypt:3)
  3 radroaches
  16 alligators
  2 ogre magi
  7 ironbound frosthearts
  25 hydras
  6 juggernaut simulacra
  3 salamander tyrants
  6 hell beasts
  3 spriggan skeletons
  15 two-headed ogres
  4 boulder beetles
  A satyr (shapeshifter) (Vaults:5)
  5 vampire magi
  23 death scarabs (Tomb:1)
  4 occultists
  13 centaur warriors
  23 dancing weapons
  9 deep troll earth magi
  2 stokers
  6 deep troll shamans
  4 demonic crawlers
  2 orc high priests
  26 hell hogs
  8 death yaks
  Urug (Orc:2)
  7 tengu warriors
  9 spriggan berserkers
  2 spectral emperor scorpions (Pan)
  2 spectral dire elephants
  A shock serpent (shapeshifter) (Vaults:5)
  A titan zombie (Vaults:4)
  33 deep elf knights
  17 hell knights
  22 shadow wraiths
  11 crystal echidnas
  A fire crab (shapeshifter) (Depths:3)
  35 sun demons
  25 soul eaters
  2 wretched stars (Abyss:4)
  16 sixfirhies
  7 skysharks
  A titan skeleton (Crypt:1)
  2 pharaoh ants
  29 skeletal warriors
  9 iron trolls
  2 death drakes
  A spark wasp zombie (Hell)
  2 goliath frogs
  12 flayed ghosts
  4 spriggan druids (Swamp:4)
  5 quicksilver dragon simulacra
  2 spectral anacondas
  4 glowing orange brains
  63 deep trolls
  7 shadow demons (Pan)
  8 sun moths
  2 bunyip skeletons (Crypt:3)
  7 bog bodies
  An anaconda skeleton (Hell)
  6 orb spiders
  A spectral iron dragon (Tar:3)
  A mana viper (shapeshifter) (Vaults:4)
  10 swamp dragons
  22 deep elf archers
  A kraken simulacrum (Hell)
  3 spriggan simulacra
  An iron giant skeleton (Crypt:3)
  A thermic dynamo (Elf:3)
  4 necromancers
  16 phantasmal warriors
  7 lindwurms
  10 steelbarb worms
  38 deep elf pyromancers
  5 orc sorcerers
  15 ironbound convokers
  8 arcanists
  Pikel (D:5)
  3 harpies (Zot:5)
  9 orc knights
  An alligator zombie (Hell)
  A shining eye (shapeshifter) (D:15)
  An ugly thing (shapeshifter) (Vaults:5)
  2 fire giant zombies (Hell)
  3 obsidian bats
  40 deep elf zephyrmancers
  An oklob plant (Lair:4)
  A shining eye (Slime:4)
  A harpy (shapeshifter) (Elf:3)
  21 wolf spiders
  2 frost giant zombies (Hell)
  A shadow dragon skeleton (Crypt:2)
  44 ugly things
  3 manticores
  4 stone giant zombies (Hell)
  22 moths of wrath
  7 cyclopes
  6 will-o-the-wisps
  18 elephants
  7 large abominations
  3 worldbinders
  3 rust devils
  3 meliai (D:14)
  6 guardian serpents (Desolation)
  3 black mambas
  3 eyes of devastation
  6 ice statues
  An apocalypse crab (Abyss:1)
  26 smoke demons
  3 molten gargoyles
  4 kobold blastminers (Orc:1)
  3 torpor snails
  A centaur skeleton (Tomb:3)
  5 gargoyles
  8 vault sentinels
  7 cane toads
  A naga skeleton (Crypt:3)
  3 titan simulacra
  9 orange demons
  8 komodo dragons
  An unseen horror (shapeshifter) (Elf:2)
  2 dire elephant skeletons
  19 hellions
  5 rime drakes
  2 kobold demonologists
  2 efreet
  A catoblepas zombie (Crypt:1)
  7 anaconda simulacra
  4 tengu conjurers
  3 ice devils (Pan)
  27 yaktaurs
  Jeremiah (D:9)
  2 sea snake zombies (Hell)
  5 unseen horrors
  A spectral naga (Tar:2)
  24 tormentors
  8 freezing wraiths
  A yaktaur skeleton (Vaults:4)
  An ancient zyme (Abyss:4)
  An iron troll zombie (Crypt:1)
  5 golden dragon simulacra
  An iron giant simulacrum (Coc:5)
  43 guardian mummies
  4 trolls
  3 red devils (Pan)
  A spectral harpy (Tar:3)
  A guardian serpent (shapeshifter) (Vaults:5)
  A merfolk (shapeshifter) (Vaults:5)
  17 hellwings
  14 polar bears
  A hydra zombie (Hell)
  Prince Ribbit (D:5)
  10 tyrant leeches
  17 tarantellas
  75 saltlings (Desolation)
  An ettin zombie (Hell)
  A hornet (shapeshifter) (Vaults:5)
  13 hornets
  22 blink frogs
  2 harpy skeletons
  A shadow dragon simulacrum (Tomb:2)
  3 raiju (Abyss:1)
  A stone giant simulacrum (Coc:5)
  6 dream sheep
  A slime creature (shapeshifter) (Depths:4)
  4 fire dragon skeletons (Crypt:3)
  30 jumping spiders
  62 slime creatures
  5 centaur simulacra
  4 water elementals
  11 culicivoras
  5 dire elephant simulacra
  23 spriggans
  14 wraiths
  3 naga simulacra
  A tyrant leech zombie (Crypt:1)
  6 shadows
  An air elemental (Elf:2)
  21 ushabtiu
  4 wyverns
  11 ynoxinuls (Pan)
  2 fire bats (Abyss:4)
  7 fire elementals
  56 yaks
  A golden eye (Slime:5)
  46 redbacks
  4 humans (Elf:1)
  8 basilisks
  6 wargs
  30 vampire mosquitoes
  15 chaos spawn
  6 neqoxecs (Pan)
  3 small abominations (Abyss:1)
  8 harpy simulacra
  A steam dragon (Lair:1)
  6 acid dragons
  A fire bat skeleton (Crypt:1)
  21 swamp worms
  26 orc warriors
  16 water moccasins
  3 hell hounds (D:13)
  A hornet zombie (D:7)
  An ice beast (D:7)
  A sky beast (D:7)
  21 laughing skulls
  6 swamp drakes
  A sky beast (shapeshifter) (D:14)
  3 black bears
  A swamp dragon zombie (Crypt:1)
  2 ettin simulacra
  9 ogres
  A boggart (shapeshifter) (Depths:3)
  8 boggarts
  27 wolves
  17 centaurs
  3 phantoms (D:4)
  2 lemures (D:5)
  A kobold brigand (D:8)
  A brain worm (Pan)
  2 scorpions
  14 bullfrogs
  A wyvern zombie (D:7)
  2 earth elementals
  2 water moccasin zombies (D:4)
  A salamander skeleton (Crypt:1)
  17 wights
  13 killer bees
  A human simulacrum (Vaults:4)
  2 electric eels (Lair:4)
  2 jellies
  3 bombardier beetles
  2 centaur zombies (D:7)
  A wolf skeleton (Crypt:2)
  2 human zombies
  A hound (shapeshifter) (Depths:3)
  A quasit (D:8)
  14 orc priests
  3 hounds
  18 starcursed masses (Abyss:4)
  A gnoll bouda (D:8)
  A sleepcap (D:8)
  4 iguanas
  29 orc wizards
  4 killer bee zombies (D:7)
  A hound zombie (D:4)
  A hound skeleton (D:4)
  62 mummies
  A howler monkey zombie (D:7)
  7 adders
  9 gnolls
  2 swamp drake skeletons
  3 shadow imps
  4 white imps
  2 ufetubi (D:8)
  An adder zombie (D:4)
  An adder skeleton (Crypt:2)
  An iguana skeleton (Crypt:2)
  2 ribbon worms
  3 dart slugs
  69 orcs
  5 bats
  3 endoplasms
  8 goblins
  4 hobgoblins
  A jackal (D:1)
  6 quokkas
  7 ball pythons
  5 frilled lizards
  9 kobolds
  A quokka skeleton (D:4)
  13 rats
  A river rat skeleton (Crypt:2)
  3 aspiring fleshes
  5 ball lightnings (Pan)
  6 creeping infernos
  21 fire vortices
  6 starspawn tentacles
3625 creatures vanquished.

Vanquished Creatures (collateral kills)
  A caustic shrike (Dis:7)
  A profane servitor (Tar:4)
  A Tzitzimitl (Tar:4)
  2 hellephants (Geh:7)
  An iron giant (Dis:7)
  A spectral shard shrike (Tar:4)
  A searing wretch (Geh:7)
  3 Executioners (Pan)
  An azure jelly (Coc:6)
  A fire giant (Geh:7)
  2 cacodemons
  A caustic shrike skeleton (Pan)
  3 elemental wellsprings (Coc:6)
  A reaper (Hell)
  A demonspawn black sun (Pan)
  2 bunyips (Pan)
  An iron golem (Hell)
  A spectral spriggan (Tar:4)
  A sphinx zombie (Hell)
  A two-headed ogre (Pan)
  A hell hog (Geh:7)
  A vampire mage (Hell)
  A spectral emperor scorpion (Pan)
  A hellephant skeleton (Pan)
  A hell knight (Hell)
  3 soul eaters
  3 shadow wraiths (Pan)
  2 skysharks (Pan)
  A sixfirhy (Hell)
  A shadow demon (Pan)
  An anaconda skeleton (Hell)
  A molten gargoyle (Hell)
  An eye of devastation (Pan)
  A smoke demon (Pan)
  2 hellions
  A tormentor (Pan)
  A sea snake skeleton (Hell)
  A hellwing (Pan)
  A red devil (Hell)
  2 spriggan zombies (Hell)
  2 brain worms (Pan)
  A creeping inferno (Geh:7)
57 creatures vanquished.

Vanquished Creatures (others)
  A Tzitzimitl (Pan)
  A nagaraja (Pan)
  A frost giant (Crypt:1)
  A fire giant (Geh:4)
  A shard shrike simulacrum (Coc:3)
  A red draconian (Zot:2)
  An ice dragon (Coc:7)
  A caustic shrike simulacrum (Coc:7)
  A jorogumo (Pan)
  An occultist (Depths:2)
  2 quicksilver dragon simulacra (Coc:7)
  2 spriggan simulacra (Coc:7)
  A deep elf zephyrmancer (Elf:3)
  A wolf spider (Spider:2)
  A rime drake (D:13)
  A hellion (Geh:7)
  An iron giant simulacrum (Coc:4)
  2 bloated husks
  2 stone giant simulacra (Coc:4)
  A harpy simulacrum (Coc:3)
  A laughing skull (Coc:3)
  A weeping skull (Coc:3)
  10 ball lightnings (Pan)
  2 creeping infernos
  2 fire vortices
  28 foxfires
  4 starspawn tentacles
  4 tentacles (Hell)
76 creatures vanquished.

Grand Total: 3758 creatures vanquished

Notes
Turn   | Place    | Note
-------+----------+-------------------------------------------
     0 | D:1      | Tanach the Minotaur Fighter began the quest for the Orb.
     0 | D:1      | Reached XP level 1. HP: 19/19 MP: 0/0
   213 | D:1      | Reached XP level 2. HP: 26/26 MP: 1/1
   773 | D:2      | Reached XP level 3. HP: 31/31 MP: 2/2
   822 | D:2      | Found Ezaphaeh's Jewellery Shop.
  1294 | D:3      | Noticed an ogre
  1327 | D:3      | Killed an ogre
  1328 | D:3      | Reached skill level 5 in Axes
  1328 | D:3      | Reached XP level 4. HP: 15/39 MP: 3/3
  1478 | D:3      | Reached XP level 5. HP: 44/45 MP: 4/4
  1482 | D:3      | Found a glowing silver altar of Zin.
  2154 | D:4      | Found a basalt altar of Yredelemnul.
  2310 | D:4      | Noticed a black bear
  2316 | D:4      | Killed a black bear
  2317 | D:4      | Reached skill level 5 in Fighting
  2317 | D:4      | Reached XP level 6. HP: 51/56 MP: 5/5
  2414 | D:4      | Found a staircase to the Ecumenical Temple.
  2544 | Temple   | Entered the Ecumenical Temple
  2550 | Temple   | Became a worshipper of Warmaster Okawaru
  2638 | D:4      | Reached skill level 1 in Invocations
  2658 | D:4      | Reached XP level 7. HP: 58/62 MP: 5/7
  2697 | D:4      | Reached * piety under Okawaru
  2698 | D:4      | Found an ancient bone altar of Kikubaaqudgha.
  3090 | D:5      | Entered Level 5 of the Dungeon
  3184 | D:5      | Noticed Pikel
  3204 | D:5      | Killed Pikel
  3204 | D:5      | Reached ** piety under Okawaru
  3205 | D:5      | Reached skill level 5 in Invocations
  3205 | D:5      | Reached XP level 8. HP: 61/71 MP: 8/10
  3464 | D:5      | Noticed Prince Ribbit
  3488 | D:5      | Killed Prince Ribbit
  3665 | D:5      | Found Ciyd's Assorted Antiques.
  3678 | D:5      | Bought a lead wand for 104 gold pieces
  3678 | D:5      | Bought a vibrating bone ring for 130 gold pieces
  3678 | D:5      | Identified the ring "Piqylan" {Fly Str+2 Dex+3 SInv} (You
                  | bought it in a shop on level 5 of the Dungeon)
  4141 | D:6      | Reached skill level 1 in Evocations
  4388 | D:6      | Reached XP level 9. HP: 77/81 MP: 11/11
  4392 | D:6      | Reached skill level 10 in Axes
  4408 | D:6      | Reached *** piety under Okawaru
  4878 | D:7      | Noticed an unseen horror
  4882 | D:7      | Found a runed translucent gate.
  4882 | D:7      | Noticed poml's ghost (novice DsSu)
  4883 | D:7      | Found a runed translucent gate.
  4883 | D:7      | Found a runed translucent gate.
  4970 | D:7      | Reached skill level 5 in Evocations
  5407 | D:7      | Found a bloodstained altar of Trog.
  5791 | D:8      | Reached skill level 5 in Armour
  5791 | D:8      | Reached skill level 5 in Shields
  5793 | D:8      | Reached **** piety under Okawaru
  6104 | D:8      | Reached XP level 10. HP: 88/88 MP: 12/12
  6107 | D:8      | Found a transporter.
  6373 | D:8      | Found a transporter.
  6421 | D:8      | Found a transporter.
  6461 | D:8      | Found a transporter.
  6852 | D:9      | Noticed Jeremiah
  6858 | D:9      | Killed Jeremiah
  6948 | D:9      | Reached ***** piety under Okawaru
  7029 | D:9      | Noticed a two-headed ogre
  7042 | D:9      | Killed a two-headed ogre
  7125 | D:9      | Received a gift from Okawaru
  7177 | D:9      | Found a faded altar of an unknown god.
  7177 | D:9      | Found a shadowy altar of Dithmenos.
  7185 | D:9      | Found a glowing golden altar of the Shining One.
  7187 | D:9      | Found a faded altar of an unknown god.
  7189 | D:9      | Found a broken altar of Ashenzari.
  7216 | D:9      | Found a radiant altar of Vehumet.
  7295 | D:9      | Got Asmodeus's Treatise on Forces
  7351 | D:9      | Reached XP level 11. HP: 78/95 MP: 13/13
  7509 | D:9      | Noticed a two-headed ogre
  7513 | D:9      | Killed a two-headed ogre
  7907 | D:10     | Entered Level 10 of the Dungeon
  8094 | D:10     | Noticed a two-headed ogre
  8122 | D:10     | Killed a two-headed ogre
  8135 | D:10     | Noticed Josephine
  8142 | D:10     | Killed Josephine
  8142 | D:10     | Received a gift from Okawaru
  8404 | D:10     | Noticed a two-headed ogre
  8494 | D:10     | Killed a two-headed ogre
  9236 | D:11     | Received a gift from Okawaru
  9316 | D:11     | Found a staircase to the Lair.
  9460 | D:11     | Noticed a purple ugly thing
  9494 | D:11     | Killed a purple ugly thing
  9543 | D:11     | Reached XP level 12. HP: 82/106 MP: 14/16
  9550 | D:11     | Reached skill level 5 in Throwing
  9556 | D:11     | Found Qeussah's Armour Shop.
  9556 | D:11     | Found a staircase to the Orcish Mines.
 10035 | D:11     | Reached skill level 15 in Axes
 10317 | D:12     | Reached skill level 10 in Fighting
 10328 | D:12     | Received a gift from Okawaru
 10571 | D:12     | Noticed a centaur warrior
 10584 | D:12     | Killed a centaur warrior
 11640 | D:2      | Bought an amulet of guardian spirit for 330 gold pieces
 11877 | Lair:1   | Entered Level 1 of the Lair of Beasts
 11969 | Lair:1   | Reached ****** piety under Okawaru
 11970 | Lair:1   | Acquired the +6 broad axe of Suekkuic {freeze, rF+ rCorr
                  | Str+3 Stlth-}
 11970 | Lair:1   | Received a gift from Okawaru
 11972 | Lair:1   | Acquired the +1 crystal plate armour "Emofilas" {rElec
                  | rPois}
 11972 | Lair:1   | Received a gift from Okawaru
 12201 | Lair:1   | Received a gift from Okawaru
 12474 | Lair:1   | Noticed a demonic crawler
 12485 | Lair:1   | Killed a demonic crawler
 12801 | Lair:2   | Identified the +0 robe "Otiunn" {Dex+5}
 12872 | Lair:2   | Found a frozen archway.
 12881 | IceCv    | Entered an ice cave
 12902 | IceCv    | Reached XP level 13. HP: 116/116 MP: 16/18
 13195 | IceCv    | Received a gift from Okawaru
 13223 | IceCv    | Reached skill level 10 in Armour
 13499 | Lair:2   | Reached skill level 10 in Shields
 13583 | Lair:2   | Received a gift from Okawaru
 13947 | Lair:2   | Found a hole to the Spider Nest.
 14203 | Lair:2   | Identified the +5 chain mail "Byobaryu" {Rampage rPois rC+
                  | SInv}
 14566 | Lair:3   | You are sucked into a shaft and drop 1 floor!
 14605 | Lair:4   | Received a gift from Okawaru
 14890 | Lair:4   | Reached XP level 14. HP: 83/126 MP: 11/19
 15249 | Lair:4   | Found a viscous altar of Jiyva.
 15249 | Lair:4   | Found a staircase to the Slime Pits.
 15706 | Lair:5   | Entered Level 5 of the Lair of Beasts
 15742 | Lair:5   | Identified the +4 leather armour "Keuloore" {+Blink Regen+
                  | rCorr Dex-2}
 15869 | Lair:5   | Received a gift from Okawaru
 16355 | Lair:5   | Identified the ring of the Swan {rPois rN+ rCorr SInv}
 16564 | Lair:5   | Received a gift from Okawaru
 17245 | Lair:3   | Found a staircase to the Swamp.
 17521 | Lair:3   | Reached skill level 10 in Invocations
 17991 | Orc:1    | Entered Level 1 of the Orcish Mines
 18013 | Orc:1    | Noticed Fannar
 18029 | Orc:1    | Killed Fannar
 18030 | Orc:1    | Reached skill level 1 in Dodging
 18206 | Orc:1    | Found Kon Oclu's Assorted Antiques.
 18214 | Orc:1    | Bought a crude silver amulet for 130 gold pieces
 18214 | Orc:1    | Identified the amulet of Beuduuma {Spirit rPois Int-2
                  | Dex+3} (You bought it in a shop on level 1 of the Orcish
                  | Mines)
 18255 | Orc:1    | Received a gift from Okawaru
 18256 | Orc:1    | Reached XP level 15. HP: 122/135 MP: 21/21
 18359 | Orc:1    | You are sucked into a shaft and drop 1 floor!
 18359 | Orc:2    | Entered Level 2 of the Orcish Mines
 18776 | Orc:2    | Found a staircase to the Elven Halls.
 18994 | Orc:2    | Noticed Urug
 19014 | Orc:2    | Killed Urug
 19021 | Orc:2    | Found a roughly hewn altar of Beogh.
 19022 | Orc:2    | Received a gift from Okawaru
 19030 | Orc:2    | Found Tumpuer's General Store.
 19039 | Orc:2    | Found Muaclesa's Antique Weapon Boutique.
 19044 | Orc:2    | Found Kobenas's Book Boutique.
 19280 | Orc:2    | Found Aniagewni's Antique Armour Boutique.
 19314 | Orc:2    | Found a roughly hewn altar of Beogh.
 19471 | Orc:2    | Bought a shiny kite shield for 262 gold pieces
 19775 | Orc:2    | Bought a manual of Dodging for 880 gold pieces
 20336 | D:13     | Identified the +5 broad axe "Reunuf" {freeze, Dex+4 SInv}
 20336 | D:13     | Noticed a frost giant
 20352 | D:13     | Killed a frost giant
 20652 | D:13     | Got the Encyclopedia of Hyperthermia and Electricity
 20897 | D:13     | Found a runed translucent gate.
 20899 | D:13     | Found a runed translucent gate.
 20976 | D:13     | Found a runed translucent gate.
 20976 | D:13     | Noticed gb0801's ghost (journeyman AtFi)
 21207 | D:14     | Received a gift from Okawaru
 21236 | D:14     | Found a gate to the Vaults.
 21760 | D:14     | Found a bloodstained altar of Trog.
 21892 | D:14     | Reached skill level 5 in Dodging
 22055 | D:15     | Entered Level 15 of the Dungeon
 22440 | D:15     | Received a gift from Okawaru
 22462 | D:15     | Found a staircase to the Depths.
 22518 | D:15     | Reached skill level 10 in Throwing
 22535 | D:15     | Reached XP level 16. HP: 105/145 MP: 12/23
 22968 | Spider:1 | Entered Level 1 of the Spider Nest
 23049 | Spider:1 | Received a gift from Okawaru
 23750 | Spider:2 | Received a gift from Okawaru
 25074 | Spider:3 | Received a gift from Okawaru
 25632 | Spider:4 | Entered Level 4 of the Spider Nest
 25765 | Spider:4 | Noticed Roxanne
 25771 | Spider:4 | Noticed Arachne
 25781 | Spider:4 | Killed Roxanne
 25782 | Spider:4 | Killed Arachne
 26097 | Spider:4 | Reached skill level 15 in Fighting
 26097 | Spider:4 | Reached XP level 17. HP: 156/156 MP: 24/24
 26308 | Spider:4 | Received a gift from Okawaru
 26520 | Spider:4 | Got a gossamer rune of Zot
 26846 | Swamp:1  | Entered Level 1 of the Swamp
 26853 | Swamp:1  | Received a gift from Okawaru
 28192 | Swamp:3  | Noticed Mara
 28200 | Swamp:3  | Killed Mara
 28273 | Swamp:3  | Received a gift from Okawaru
 28594 | Swamp:3  | Noticed Donald
 28600 | Swamp:3  | Killed Donald
 28714 | Swamp:3  | Reached skill level 15 in Armour
 28935 | Swamp:4  | Entered Level 4 of the Swamp
 29053 | Swamp:4  | Received a gift from Okawaru
 29072 | Swamp:4  | Reached skill level 15 in Shields
 29072 | Swamp:4  | Reached XP level 18. HP: 47/166 MP: 6/26
 29587 | Swamp:4  | Received a gift from Okawaru
 29595 | Swamp:4  | Identified the +1 orcbow of Perversion {freeze, rElec Int+6
                  | Stlth-}
 30097 | Swamp:4  | Got a decaying rune of Zot
 30477 | Vaults:1 | Entered Level 1 of the Vaults
 30525 | Vaults:1 | Found a flickering gateway to a bazaar.
 30546 | Bazaar   | Entered a bazaar
 30550 | Bazaar   | Found Gakkun's General Store.
 30556 | Bazaar   | Bought a phantom mirror for 240 gold pieces
 30556 | Bazaar   | Bought a +2 broad axe of flaming for 115 gold pieces
 30572 | Bazaar   | Found Utiatt's Antique Weapon Emporium.
 30593 | Bazaar   | Found Tannetoxta's Book Boutique.
 30613 | Bazaar   | Found Raacesan's Antique Armour Shoppe.
 30619 | Bazaar   | Bought a pair of runed boots for 187 gold pieces
 30619 | Bazaar   | Bought a pair of glowing boots for 187 gold pieces
 30741 | Vaults:1 | Found a crumbling gateway.
 30748 | Desolati | Entered the Desolation of Salt
 30882 | Desolati | Identified the +4 eveningstar of Wounding {flame, rElec
                  | Str+5 Int-3}
 30915 | Desolati | Identified the +1 robe of the Giraffatuar {Fly rPois}
 30919 | Desolati | Got the Papyrus of Refined Breath
 31021 | Desolati | Received a gift from Okawaru
 31103 | Desolati | Identified the amulet of Kaoph {^Contam rPois Regen+ Dex+5}
 31131 | Desolati | Identified the +0 plate armour of Bad Feelings {rPois}
 31173 | Desolati | Identified the amulet of Woamaes {Will+ Regen+}
 31183 | Desolati | Received a gift from Okawaru
 31579 | Desolati | Identified the ring "Kuecuroi" {Wiz rN+ Str+4}
 31587 | Desolati | Got Avonk's Lessons on Venin and Burning
 31957 | Vaults:1 | Found a runed translucent door.
 32089 | Vaults:1 | Reached XP level 19. HP: 149/173 MP: 28/28
 32116 | Vaults:1 | Received a gift from Okawaru
 32149 | Vaults:1 | Identified the serpent talisman of Resilience {rF+++ rC-
                  | rN+++ Stlth-}
 32149 | Vaults:1 | Noticed Aizul
 32164 | Vaults:1 | Killed Aizul
 32434 | Vaults:1 | Found Peifas's Magic Scroll Emporium.
 32442 | Vaults:1 | Bought a scroll of teleportation for 60 gold pieces
 32442 | Vaults:1 | Bought a scroll of teleportation for 60 gold pieces
 32442 | Vaults:1 | Bought a scroll of teleportation for 60 gold pieces
 32442 | Vaults:1 | Bought a scroll of teleportation for 60 gold pieces
 32442 | Vaults:1 | Bought a scroll of enchant armour for 150 gold pieces
 33027 | Vaults:2 | Found the +0 cloak of the Thief {Quiet Slay-3 SInv Stlth+}
 33435 | Vaults:2 | Received a gift from Okawaru
 34118 | Vaults:3 | Found Bockefarri's General Store.
 34128 | Vaults:3 | Bought a tin of tremorstones (2/2) for 560 gold pieces
 34157 | Vaults:3 | Bought a scroll of enchant armour for 105 gold pieces
 34520 | Vaults:3 | Found Hutebb's General Store.
 34526 | Vaults:3 | Bought a potion of might for 56 gold pieces
 34528 | Vaults:3 | Found Atzy's General Store.
 34533 | Vaults:3 | Bought a scroll of fog for 72 gold pieces
 34604 | Vaults:3 | Received a gift from Okawaru
 34651 | Vaults:3 | Found Rennyets's Assorted Antiques.
 34807 | Vaults:3 | You fall into a shaft and drop 1 floor!
 34887 | Vaults:4 | Received a gift from Okawaru
 34982 | Vaults:4 | Reached skill level 15 in Invocations
 35005 | Vaults:4 | Reached XP level 20. HP: 189/189 MP: 30/30
 35113 | Vaults:4 | Received a gift from Okawaru
 35515 | Vaults:4 | Noticed Bai Suzhen
 35531 | Vaults:4 | Killed Bai Suzhen
 35531 | Vaults:4 | Received a gift from Okawaru
 35823 | Vaults:4 | Identified a scroll of acquirement
 36049 | Vaults:4 | Acquired a manual of Invocations
 36115 | Vaults:4 | Reached skill level 15 in Throwing
 36505 | Vaults:5 | Entered Level 5 of the Vaults
 36512 | Vaults:5 | Received a gift from Okawaru
 36697 | Vaults:5 | Received a gift from Okawaru
 36714 | Vaults:5 | Reached skill level 10 in Dodging
 36726 | Vaults:5 | Found Aklifi's Distillery.
 36825 | Vaults:5 | Bought a potion of haste for 170 gold pieces
 36825 | Vaults:5 | Bought a potion of mutation for 136 gold pieces
 36825 | Vaults:5 | Bought a potion of heal wounds for 85 gold pieces
 36827 | Vaults:5 | Found Gaymeuc's Jewellery Boutique.
 36914 | Vaults:5 | Reached XP level 21. HP: 199/199 MP: 32/32
 37120 | Vaults:5 | Found Geesunk's Book Boutique.
 37121 | Vaults:5 | Noticed a dread lich
 37125 | Vaults:5 | Killed a dread lich
 37131 | Vaults:5 | Received a gift from Okawaru
 37790 | Vaults:5 | Noticed Margery
 37799 | Vaults:5 | Killed Margery
 37800 | Vaults:5 | Noticed a golden dragon
 37807 | Vaults:5 | Killed a golden dragon
 37863 | Vaults:5 | Received a gift from Okawaru
 38007 | Vaults:5 | Found Iwkainus's Magic Scroll Shoppe.
 38012 | Vaults:5 | Bought a scroll of enchant weapon for 112 gold pieces
 38012 | Vaults:5 | Bought a scroll of enchant weapon for 112 gold pieces
 38058 | Vaults:5 | Got a silver rune of Zot
 38101 | Vaults:5 | Found Basurr's Magic Scroll Emporium.
 38101 | Vaults:5 | Found Ustrum's Distillery.
 38113 | Vaults:5 | Bought a potion of haste for 170 gold pieces
 38113 | Vaults:5 | Bought a potion of mutation for 136 gold pieces
 38113 | Vaults:5 | Bought a potion of mutation for 136 gold pieces
 38113 | Vaults:5 | Bought a potion of heal wounds for 85 gold pieces
 38113 | Vaults:5 | Bought a potion of heal wounds for 85 gold pieces
 38563 | Elf:1    | Entered Level 1 of the Elven Halls
 38658 | Elf:1    | Found Hiacuilu's Antique Armour Emporium.
 38805 | Elf:1    | Noticed Kirke
 38812 | Elf:1    | Killed Kirke
 39602 | Elf:2    | Received a gift from Okawaru
 39696 | Elf:2    | Paralysed by an air elemental for 1 turns
 40280 | Elf:2    | Found a huge runed translucent gate.
 40280 | Elf:2    | Found a huge runed translucent gate.
 40280 | Elf:2    | Found a huge runed translucent gate.
 40280 | Elf:2    | Found a huge runed translucent gate.
 40282 | Elf:2    | Found a huge runed translucent gate.
 40404 | Elf:2    | Reached XP level 22. HP: 110/209 MP: 15/33
 40786 | Elf:3    | Entered Level 3 of the Elven Halls
 40902 | Elf:3    | Received a gift from Okawaru
 41594 | Elf:3    | Identified the +4 trident of Contradiction {flame, MP+9
                  | Int+3}
 41603 | Elf:3    | Identified the +4 mace "Eviscerator" {heavy, ^Fragile rPois
                  | Str+3 Int+5}
 41650 | Elf:3    | Identified the amulet "Fukuwir" {Spirit rCorr Int+2 Slay+2}
 42001 | Elf:3    | Gained mutation: You expend magic power (3 MP) to
                  | strengthen your wands. [a neqoxec]
 42002 | Elf:3    | Gained mutation: You do not regenerate when monsters are
                  | visible. [a neqoxec]
 42033 | Elf:3    | Lost mutation: You expend magic power (3 MP) to strengthen
                  | your wands. [potion of mutation]
 42033 | Elf:3    | Lost mutation: You do not regenerate when monsters are
                  | visible. [potion of mutation]
 42033 | Elf:3    | Gained mutation: You are dopey. (Int -2) [potion of
                  | mutation]
 42033 | Elf:3    | Gained mutation: You are partially covered in iridescent
                  | scales. (AC +2) [potion of mutation]
 42033 | Elf:3    | Gained mutation: You possess an exceptional clarity of
                  | mind. [potion of mutation]
 42313 | Depths:1 | Entered Level 1 of the Depths
 42336 | Depths:1 | Received a gift from Okawaru
 42574 | Depths:1 | Found a gateway to Hell.
 42773 | Depths:1 | Found a blossoming altar of Fedhas.
 42872 | Depths:1 | Identified the dragon-blood talisman of the Moon {rC+
                  | Slay+2}
 43207 | Depths:1 | Found a hide-covered altar of Uskayaw.
 43334 | Depths:2 | Found a one-way gate to the infinite horrors of the Abyss.
 43428 | Depths:2 | Found a one-way gateway to a ziggurat.
 43686 | Depths:2 | Reached XP level 23. HP: 196/220 MP: 35/35
 43730 | Depths:2 | Found a one-way gate leading to the halls of Pandemonium.
 43875 | Depths:2 | Received a gift from Okawaru
 44035 | Depths:2 | Found a white marble altar of Elyvilon.
 44366 | Depths:3 | Noticed Norris
 44392 | Depths:3 | Killed Norris
 44415 | Depths:3 | Received a gift from Okawaru
 44830 | Depths:3 | Identified the +0 plate armour of the End {rF+ Str+2}
 44874 | Depths:3 | Received a gift from Okawaru
 45316 | Depths:3 | Identified the +5 battleaxe of Wyrd {protect, rPois Will-
                  | Int+8 SInv}
 45323 | Depths:3 | Noticed a juggernaut
 45335 | Depths:3 | Killed a juggernaut
 45499 | Depths:4 | Entered Level 4 of the Depths
 45499 | Depths:4 | Noticed Vv
 45525 | Depths:4 | Killed Vv
 45836 | Depths:4 | Received a gift from Okawaru
 46023 | Depths:4 | Found a transporter.
 46025 | Depths:4 | Found a transporter.
 46337 | Depths:4 | Found a gate to the Realm of Zot.
 46426 | Depths:4 | Found a broken altar of Ashenzari.
 46724 | Zot:1    | Entered Level 1 of the Realm of Zot
 46962 | Zot:1    | Reached XP level 24. HP: 89/231 MP: 35/35
 47118 | Zot:1    | Noticed an orb of fire
 47127 | Zot:1    | Gained mutation: You occasionally shout uncontrollably at
                  | your foes. [an orb of fire]
 47132 | Zot:1    | Gained mutation: You are very dopey. (Int -4) [an orb of
                  | fire]
 47137 | Zot:1    | Killed an orb of fire
 47458 | Zot:1    | Received a gift from Okawaru
 48142 | Zot:2    | Identified the +1 ring mail of the Gastropod {rPois rF-
                  | Will++ Dex+2}
 48602 | Zot:2    | Received a gift from Okawaru
 48767 | Zot:2    | You fall into a shaft and drop 1 floor!
 48767 | Zot:3    | Noticed a Killer Klown
 48787 | Zot:3    | Lost intelligence.
 48876 | Zot:2    | Lost mutation: You occasionally shout uncontrollably at
                  | your foes. [potion of mutation]
 48876 | Zot:2    | Lost mutation: You are very dopey. (Int -4) [potion of
                  | mutation]
 48876 | Zot:2    | Gained mutation: Your magical capacity is low. (-10% MP)
                  | [potion of mutation]
 48876 | Zot:2    | Gained mutation: You have sharp toenails. [potion of
                  | mutation]
 48923 | Zot:3    | Killed a Killer Klown
 49627 | Zot:4    | Received a gift from Okawaru
 50544 | Zot:4    | Identified the +3 scale mail of Usooloth {Slay+6}
 50546 | Zot:4    | Identified the +7 plate armour "Lelinkum" {rCorr}
 50570 | Zot:4    | Identified the +3 flail of Wusmeub {freeze, rF+ Stlth+}
 50589 | Zot:4    | Got Hurunkof's Compilation of Nonlocality and the Summer
 50591 | Zot:4    | Identified the ring "Sofi Reu" {rF++ Int+6 Dex+3 Stlth+}
 50681 | Zot:4    | Identified the staff of Beyond {rN+ Int+3 Necro}
 50756 | Zot:4    | Reached XP level 25. HP: 205/240 MP: 32/32
 50949 | Zot:5    | Entered Level 5 of the Realm of Zot
 51578 | Zot:5    | Noticed an orb of fire
 51582 | Zot:5    | Noticed an orb of fire
 51590 | Zot:5    | Killed an orb of fire
 51593 | Zot:5    | Noticed an ancient lich
 51594 | Zot:5    | Noticed a Killer Klown
 51598 | Zot:5    | Killed an ancient lich
 51600 | Zot:5    | Noticed an ancient lich
 51603 | Zot:5    | Killed an orb of fire
 51606 | Zot:5    | Noticed a Killer Klown
 51608 | Zot:5    | Killed an ancient lich
 51623 | Zot:5    | Killed a Killer Klown
 51626 | Zot:5    | Noticed an ancient lich
 51632 | Zot:5    | Killed an ancient lich
 51634 | Zot:5    | Killed a Killer Klown
 51730 | Zot:5    | Noticed an ancient lich
 51730 | Zot:5    | Noticed an orb of fire
 51730 | Zot:5    | Noticed a Killer Klown
 51739 | Zot:5    | Gained mutation: You are weak. (Str -2) [an orb of fire]
 51762 | Zot:5    | Gained mutation: You are occasionally teleported next to
                  | monsters. [an orb of fire]
 51770 | Zot:5    | Killed an orb of fire
 51770 | Zot:5    | Received a gift from Okawaru
 51771 | Zot:5    | Lost mutation: You possess an exceptional clarity of mind.
                  | [potion of mutation]
 51771 | Zot:5    | Lost mutation: You are occasionally teleported next to
                  | monsters. [potion of mutation]
 51771 | Zot:5    | Gained mutation: You have a pair of large horns on your
                  | head. [potion of mutation]
 51771 | Zot:5    | Gained mutation: Your flesh is cold resistant. (rC+)
                  | [potion of mutation]
 51771 | Zot:5    | Gained mutation: You are robust. (+10% HP) [potion of
                  | mutation]
 51800 | Zot:5    | Killed a Killer Klown
 52003 | Zot:5    | Noticed an orb of fire
 52009 | Zot:5    | Noticed an orb of fire
 52014 | Zot:5    | Gained mutation: You are clumsy. (Dex -2) [an orb of fire]
 52020 | Zot:5    | Killed an orb of fire
 52040 | Zot:5    | Killed an orb of fire
 52083 | Zot:5    | Noticed a Killer Klown
 52103 | Zot:5    | Killed a Killer Klown
 52140 | Zot:5    | Noticed an orb of fire
 52157 | Zot:5    | Noticed a Killer Klown
 52182 | Zot:5    | Killed an orb of fire
 52182 | Zot:5    | Received a gift from Okawaru
 52187 | Zot:5    | Killed an ancient lich
 52202 | Zot:5    | Killed a Killer Klown
 52991 | Slime:1  | Entered Level 1 of the Pits of Slime
 53068 | Slime:3  | Paralysed by a formless jellyfish for 1 turns
 53224 | Slime:5  | Entered Level 5 of the Pits of Slime
 53262 | Slime:5  | Reached XP level 26. HP: 278/278 MP: 32/32
 53338 | Slime:5  | Noticed the Royal Jelly
 53349 | Slime:5  | Killed the Royal Jelly
 53413 | Slime:5  | Got a starry gem with 256 turns to spare
 53415 | Slime:5  | Got a slimy rune of Zot
 53416 | Slime:5  | Identified the ring "Ehonira" {rC+ EV+5 Int+2 SInv}
 53510 | Slime:5  | Identified the ring of Maheus {rC+ Int+3}
 53564 | Slime:3  | Received a gift from Okawaru
 53781 | D:9      | Fell from the grace of Okawaru
 53781 | D:9      | Became a worshipper of the Shining One
 54167 | Vaults:3 | Found a staircase to the Crypt.
 54181 | Crypt:1  | Entered Level 1 of the Crypt
 54184 | Crypt:1  | Reached * piety under the Shining One
 54360 | Crypt:1  | Noticed Grunn
 54370 | Crypt:1  | Reached ** piety under the Shining One
 54388 | Crypt:1  | Killed Grunn
 54514 | Crypt:1  | Noticed Vailuoroe's ghost (veteran GrEE)
 54634 | Crypt:1  | Reached *** piety under the Shining One
 54722 | Crypt:1  | Found a runed translucent gate.
 54726 | Crypt:1  | Found a runed translucent gate.
 54726 | Crypt:1  | Found a runed translucent gate.
 54967 | Crypt:1  | Reached **** piety under the Shining One
 55851 | Crypt:2  | Reached ***** piety under the Shining One
 56037 | Crypt:2  | Found a transporter.
 56042 | Crypt:2  | Noticed rrossfarrar's ghost (veteran BaFi)
 56043 | Crypt:2  | Noticed Osipn's ghost (veteran MiGl)
 56071 | Crypt:2  | Found a transporter.
 56436 | Crypt:3  | Entered Level 3 of the Crypt
 56758 | Crypt:3  | Reached ****** piety under the Shining One
 56931 | Crypt:3  | Identified the +0 ring mail of Vaakosm {Will+ Stlth+}
 57159 | Crypt:3  | Identified the staff "Momobusm" {rElec rF+ rN+ Necro Ice}
 57165 | Crypt:3  | Identified the +4 great sword of Division {flame, Fly Dex+2
                  | SInv}
 57311 | Crypt:3  | Identified the +5 sling "Saaragh" {flame, rC- Int+5}
 57330 | Crypt:3  | Identified a +9 broad axe of holy wrath (a +7 broad axe of
                  | flaming blessed by the Shining One)
 57330 | Crypt:3  | Received a gift from the Shining One
 57490 | Crypt:3  | Found a staircase to the Tomb.
 57500 | Crypt:3  | Noticed a dread lich
 57503 | Crypt:3  | Killed a dread lich
 57529 | Crypt:3  | Noticed an ancient lich
 57536 | Crypt:3  | Killed an ancient lich
 57783 | Crypt:3  | Was forgiven by Okawaru
 58028 | Tomb:1   | Entered Level 1 of the Tomb of the Ancients
 58190 | Tomb:1   | Noticed Khufu
 58190 | Tomb:1   | Noticed a royal mummy
 58199 | Tomb:1   | Killed Khufu
 58203 | Tomb:1   | Killed a royal mummy
 58522 | Tomb:1   | Noticed a royal mummy
 58533 | Tomb:1   | Noticed a royal mummy
 58534 | Tomb:1   | Killed a royal mummy
 58542 | Tomb:1   | Killed a royal mummy
 58571 | Tomb:1   | Noticed a royal mummy
 58582 | Tomb:1   | Killed a royal mummy
 58583 | Tomb:1   | Reached XP level 27. HP: 247/290 MP: 25/33
 58815 | Tomb:2   | Noticed a royal mummy
 58815 | Tomb:2   | Noticed a royal mummy
 58815 | Tomb:2   | Noticed a royal mummy
 58816 | Tomb:2   | Noticed a royal mummy
 58821 | Tomb:2   | Killed a royal mummy
 58821 | Tomb:2   | Killed a royal mummy
 58822 | Tomb:2   | Killed a royal mummy
 58822 | Tomb:2   | Killed a royal mummy
 58917 | Tomb:2   | Identified the +5 mace of Arrival {freeze, ^Contam rC+
                  | rCorr Str+2}
 59416 | Tomb:3   | Entered Level 3 of the Tomb of the Ancients
 59426 | Tomb:3   | Noticed a royal mummy
 59432 | Tomb:3   | Killed a royal mummy
 59433 | Tomb:3   | Noticed a royal mummy
 59437 | Tomb:3   | Noticed a royal mummy
 59447 | Tomb:3   | Noticed a royal mummy
 59448 | Tomb:3   | Killed a royal mummy
 59450 | Tomb:3   | Killed a royal mummy
 59451 | Tomb:3   | Killed a royal mummy
 59451 | Tomb:3   | Noticed a royal mummy
 59456 | Tomb:3   | Killed a royal mummy
 59591 | Tomb:3   | Identified the +0 cloak of the Playwright {-Cast rElec
                  | Regen+ Slay+3}
 59831 | Tomb:3   | Noticed a royal mummy
 59842 | Tomb:3   | Killed a royal mummy
 59848 | Tomb:3   | Noticed a royal mummy
 59849 | Tomb:3   | Gained mutation: Your spells are a little easier to cast,
                  | but a little less powerful. [mutagenic glow]
 59851 | Tomb:3   | Noticed a royal mummy
 59856 | Tomb:3   | Noticed a royal mummy
 59856 | Tomb:3   | Gained mutation: Armour fits poorly on your strangely
                  | shaped body. [mutagenic glow]
 59860 | Tomb:3   | Killed a royal mummy
 59860 | Tomb:3   | Killed a royal mummy
 59866 | Tomb:3   | Killed a royal mummy
 60023 | Tomb:3   | Got a golden rune of Zot
 60097 | Tomb:3   | Found the -2 hat of the Alchemist {rElec rPois rF+ rC+ rN+
                  | Will+ rMut rCorr}
 60115 | Tomb:3   | Identified the +2 orcbow of the Globe {freeze, Fly rElec
                  | rPois rCorr}
 60172 | Tomb:3   | Got Commencing Witchcraft
 60809 | Depths:3 | Voluntarily entered the Abyss.
 60819 | Abyss:1  | Found a corrupted altar of Lugonu.
 61065 | Depths:3 | Escaped the Abyss
 61067 | Depths:3 | Voluntarily entered the Abyss.
 61080 | Abyss:1  | Found a corrupted altar of Lugonu.
 61365 | Abyss:4  | Paralysed by accursed screaming for 1 turns
 61380 | Abyss:4  | Paralysed by accursed screaming for 2 turns
 61381 | Abyss:4  | Gained mutation: Your magical capacity is very low. (-20%
                  | MP) [a cacodemon]
 61405 | Abyss:4  | Got an abyssal rune of Zot
 61436 | Depths:3 | Escaped the Abyss
 61437 | Depths:3 | Lost mutation: You have a pair of large horns on your head.
                  | [potion of mutation]
 61437 | Depths:3 | Lost mutation: You are robust. (+10% HP) [potion of
                  | mutation]
 61437 | Depths:3 | Lost mutation: You are dopey. (Int -2) [potion of mutation]
 61438 | Depths:3 | Lost mutation: Armour fits poorly on your strangely shaped
                  | body. [potion of mutation]
 61438 | Depths:3 | Lost mutation: Your magical capacity is very low. (-20% MP)
                  | [potion of mutation]
 61438 | Depths:3 | Lost mutation: You are weak. (Str -2) [potion of mutation]
 61506 | Pan      | Entered Pandemonium
 61663 | Pan      | Identified the +0 ring mail "Qonill" {Fly rC- Str+6}
 61845 | Pan      | Found a runed translucent door.
 62129 | Pan      | Noticed Mennas
 62133 | Pan      | Noticed Lasompel the pandemonium lord
 62141 | Pan      | Killed Lasompel the pandemonium lord
 62157 | Pan      | Killed Mennas
 62324 | Pan      | Noticed Doiffo the pandemonium lord
 62338 | Pan      | Killed Doiffo the pandemonium lord
 62754 | Pan      | Noticed Okluqy the pandemonium lord
 62766 | Pan      | Killed Okluqy the pandemonium lord
 62774 | Pan      | Got a demonic rune of Zot
 62826 | Pan      | Entered the realm of Mnoleg.
 62830 | Pan      | Noticed Mnoleg
 62854 | Pan      | Killed Mnoleg
 62896 | Pan      | Got a glowing rune of Zot
 62955 | Pan      | Gained mutation: You are dopey. (Int -2) [a cacodemon]
 63173 | Pan      | Noticed Ywniolu the pandemonium lord
 63184 | Pan      | Killed Ywniolu the pandemonium lord
 63199 | Pan      | Entered the realm of Cerebov.
 63277 | Pan      | Found the +6 sword of Cerebov {flame}
 63277 | Pan      | Noticed Cerebov
 63297 | Pan      | Killed Cerebov
 63322 | Pan      | Got a fiery rune of Zot
 63565 | Pan      | Found a runed translucent door.
 63572 | Pan      | Found a runed translucent door.
 63574 | Pan      | Noticed Ophaomus the pandemonium lord
 63581 | Pan      | Found a runed translucent door.
 63584 | Pan      | Found a runed translucent door.
 64220 | Pan      | Entered the realm of Lom Lobon.
 64336 | Pan      | Noticed Lom Lobon
 64370 | Pan      | Killed Lom Lobon
 64426 | Pan      | Got a magical rune of Zot
 64694 | Pan      | Entered the realm of Gloorx Vloq.
 64694 | Pan      | Found an exit through the horrors of the Abyss.
 64822 | Pan      | Noticed Gloorx Vloq
 64834 | Pan      | Killed Gloorx Vloq
 64861 | Pan      | Got a dark rune of Zot
 64926 | Pan      | Took an exit into the Abyss.
 64926 | Abyss:4  | Escaped into the Abyss
 64926 | Abyss:4  | Found a corrupted altar of Lugonu.
 64942 | Depths:2 | Escaped the Abyss
 64983 | Hell     | Entered the Vestibule of Hell
 64983 | Hell     | Noticed Geryon
 65002 | Hell     | Killed Geryon
 65100 | Hell     | Found a gateway to the decaying netherworld of Tartarus.
 65135 | Hell     | Found a gateway to the Iron City of Dis.
 65236 | Hell     | Found a gateway to the ashen valley of Gehenna.
 65410 | Hell     | Found a gateway to the freezing wastes of Cocytus.
 65468 | Geh:1    | Entered Level 1 of Gehenna
 66012 | Geh:7    | Entered Level 7 of Gehenna
 66114 | Geh:7    | Noticed an ancient lich
 66126 | Geh:7    | Killed an ancient lich
 66222 | Geh:7    | Noticed the Serpent of Hell
 66242 | Geh:7    | Killed the Serpent of Hell
 66399 | Geh:7    | Found the +13 sceptre of Asmodeus
 66399 | Geh:7    | Noticed Asmodeus
 66414 | Geh:7    | Killed Asmodeus
 66452 | Geh:7    | Identified the staff of the Fulmar {rN+ SInv Necro}
 66459 | Geh:7    | Got an obsidian rune of Zot
 66691 | Tar:1    | Entered Level 1 of Tartarus
 66820 | Tar:3    | You fall into a shaft and drop 1 floor!
 66831 | Tar:4    | Reached skill level 27 in Throwing
 67052 | Tar:7    | Entered Level 7 of Tartarus
 67318 | Tar:7    | Noticed Ereshkigal
 67340 | Tar:7    | Killed Ereshkigal
 67383 | Tar:7    | Got a bone rune of Zot
 67588 | Coc:1    | Entered Level 1 of Cocytus
 67651 | Coc:2    | You fall into a shaft and drop 1 floor!
 67756 | Coc:4    | Noticed an ancient lich
 67767 | Coc:4    | Killed an ancient lich
 67793 | Coc:4    | Noticed a dread lich
 67798 | Coc:4    | Noticed a dread lich
 67801 | Coc:4    | Killed a dread lich
 67804 | Coc:4    | Killed a dread lich
 67804 | Coc:4    | Noticed an ancient lich
 67806 | Coc:4    | Noticed a dread lich
 67811 | Coc:4    | Killed an ancient lich
 67815 | Coc:4    | Killed a dread lich
 67818 | Coc:4    | Noticed a dread lich
 67819 | Coc:4    | Noticed a dread lich
 67824 | Coc:4    | Killed a dread lich
 67825 | Coc:4    | Reached skill level 10 in Evocations
 67825 | Coc:4    | Killed a dread lich
 67845 | Coc:5    | Reached skill level 27 in Armour
 67865 | Coc:5    | Reached skill level 15 in Dodging
 68023 | Coc:5    | Reached skill level 27 in Shields
 68214 | Coc:5    | Paralysed by a wendigo for 1 turns
 68504 | Coc:7    | Entered Level 7 of Cocytus
 68599 | Coc:7    | Reached skill level 27 in Axes
 68607 | Coc:7    | Reached skill level 27 in Fighting
 68616 | Coc:7    | Paralysed by a wendigo for 1 turns
 68944 | Coc:7    | Reached skill level 27 in Invocations
 68996 | Coc:7    | Paralysed by a wendigo for 1 turns
 69088 | Coc:7    | Noticed Antaeus
 69134 | Coc:7    | Killed Antaeus
 69164 | Coc:7    | Got an icy rune of Zot
 69481 | Dis:1    | Entered Level 1 of the Iron City of Dis
 70109 | Dis:6    | Found a burning altar of Makhleb.
 70355 | Dis:7    | Entered Level 7 of the Iron City of Dis
 70422 | Dis:7    | Reached skill level 15 in Evocations
 70832 | Dis:7    | Got Xodemo's Almanac of the Deviated Syncline
 71086 | Dis:7    | Got the Elucidation of the Forest
 71130 | Dis:7    | Identified the +0 tower shield of Happy Babbling {rN+
                  | Str+3}
 71130 | Dis:7    | Noticed Dispater
 71154 | Dis:7    | Killed Dispater
 71175 | Dis:7    | Got an iron rune of Zot
 71558 | Zot:5    | Got the Orb of Zot
 71711 | Zot:1    | Noticed Ferchu the pandemonium lord
 71894 | Depths:1 | Noticed Kumpetsu the pandemonium lord
 71903 | Depths:1 | Killed Kumpetsu the pandemonium lord
 72181 | D:4      | Noticed Ezxoceeb the pandemonium lord
 72273 | D:$      | Escaped with the Orb!

Illustrated notes

Levels and vault maps discovered:
D:1:      dpeg_arrival_ratfight, layout_loops_ring, dk_noncrumbling_2,
          minmay_vboxes
D:2:      layout_rooms, serial_shops, nicolae_shop_crystal, nicolae_wormholes
D:3:      layout_rooms, overflow_temple_1_default
D:4:      layout_basic, yredelemnul_altar_generic,
          lemuel_mausoleum_altar_kikubaaqudgha, minmay_temple_entry_glass,
          hex_large, minmay_quantized
D:5:      layout_loops_ring, serial_shops, kennysheep_mini_moat,
          minmay_misc_feat_enclosed, uniq_pikel, uniq_prince_ribbit1
D:6:      layout_rooms
D:7:      layout_loops_cross, mainiacjoe_overflow_paths, serial_undead,
          serial_undead_b, serial_undead_a, serial_undead_d, serial_undead_e,
          gammafunk_ghost_split, supply_closet_lemuel
D:8:      layout_rooms, serial_demonic, serial_demonic_g, serial_demonic_e,
          serial_demonic_a, serial_demonic_a, nicolae_transporter_circle
D:9:      layout_loops_ring, nicolae_vehumet_radiance,
          chequers_temple_overflow_minitemple, uniq_jeremiah
D:10:     layout_rooms, the_hattery, uniq_josephine
D:11:     layout_roguey, minmay_lair_entry_grove, orc_david_3
D:12:     layout_basic
D:13:     minmay_coctagon, layout_basic, gammafunk_ghost_nasty_kobolds
D:14:     layout_irregular_city, david_vaults_1, minmay_misc_feat_pillars,
          amcnicky_mini_corridor_feature, bloody_trog
D:15:     hangedman_depths_entry_civil_slaughter, layout_cave_pools,
          minivault_11
Temple:   eino_narrow_crystal_temple
Lair:1:   layout_loops_ring, fungi_pond_lemuel, worms_lemuel, lemuel_fruit_tree
Lair:2:   layout_concentric_octagons, spider_nest_entry_rubble,
          portal_ice_cave_rime
Lair:3:   layout_roguey, alex1729_swamp_entry_worm_eleionoma
Lair:4:   layout_gridlike, dpeg_slime_entry_enclosed
Lair:5:   minmay_lair_end_enchanted_forest, layout_regular_city,
          grunt_megastairs_1
Swamp:1:  layout_basic_swamp, hangedman_swamp_ruin_wall, swamp_pool_3,
          nicolae_swamp_bean_lake
Swamp:2:  layout_basic_swamp, swamp_pool_3
Swamp:3:  layout_basic_swamp, infiniplex_staircase_pool_2, swamp_pool_1_2,
          hangedman_swamp_diagram, nicolae_swamp_alligator_family, uniq_donald,
          uniq_mara
Swamp:4:  swamp_basic_johnstein, layout_basic_swamp
Spider:1: nicolae_spider_mines_1
Spider:2: layout_spider_delve
Spider:3: layout_cave_pods
Spider:4: grunt_spider_rune_parallel, uniq_roxanne, uniq_arachne
Slime:1:  layout_caves
Slime:2:  cheibrodos_slime_lost_civilization_2, layout_caves
Slime:3:  layout_caves, nicolae_slime_crime_time
Slime:4:  layout_caves
Slime:5:  slime_pit_nicolae_amoeboid
Orc:1:    layout_caves, serial_shops, shop, uniq_fannar
Orc:2:    grunt_orc_cross, layout_diamond_mine, mines1_david, uniq_urug
Elf:1:    nicolae_elf_arrival_no_cutting_in_line, layout_loops_corners,
          serial_shops, nicolae_shop_overgrown_old_shop,
          minmay_elf_crystal_heptagon, uniq_kirke
Elf:2:    elven_hall_of_blades_hangedman_alternative
          [nooodl_blade_entry_preview], layout_onion_city, dk_noncrumbling_4
Elf:3:    minmay_elf_hall_not_hex, layout_gridlike, grunt_megastairs_5
Vaults:1: portal_desolation_entry_nicolae_slug, nicolae_vaults_more_shelving_1,
          nicolae_vaults_oozy_zoo, vaults_dpeg_ring, nicolae_vaults_trapezoid_3,
          nicolae_vaults_octothorpe, layout_vaults_chaotic_city, serial_shops,
          bzr_entry_safe, nicolae_shop_tiny_statue_garden, uniq_aizul
Vaults:2: nicolae_vaults_hexular_roomagon, nicolae_vaults_storage_closets_2,
          nicolae_vaults_tetromino_T_1, nicolae_vaults_trapezoid_layered,
          nicolae_vaults_door_testing_chamber, nicolae_vaults_weapon_check,
          nicolae_vaults_trapezoid_2, nicolae_vaults_theta,
          nicolae_vaults_house_3, nicolae_vaults_trapezoid_1,
          nicolae_vaults_security_offices_2, vaults_room_stairs_pillars,
          layout_vaults_quadrants
Vaults:3: nicolae_vaults_stairing_the_circle, nicolae_vaults_big_ls,
          hangedman_vaults_trim, nicolae_vaults_closet_pinwheel_5,
          minmay_crypt_entry_simple_plaza, nicolae_vaults_double_plus_3,
          nicolae_vaults_cochlea, v_misc_2, hangedman_vaults_restitches,
          vaults_room_hallway, vaults_room_large_hall,
          nicolae_vaults_statue_guard, layout_vaults_maze_bifur, serial_shops,
          shop, shop, nicolae_shop_hallway_stairs, nicolae_shop_peninsula
Vaults:4: nicolae_vaults_tetromino_Z_2, nicolae_vaults_shrinking_rooms_2,
          v_misc_2, st_quartered_hall, v_rooms_4, nicolae_vaults_prndl,
          nicolae_vaults_mitosis, nicolae_vaults_what_the_h,
          vaults_room_hallway, serial_ice_b, ontoclasm_vaults_fault,
          v_pattern_4, nicolae_vaults_tetromino_L_2,
          ontoclasm_vaults_decontamination, nicolae_vaults_little_squares_2,
          layout_vaults_ring, uniq_bai_suzhen
Vaults:5: uniq_margery
Crypt:1:  layout_catacombs, gammafunk_ghost_split, serial_glass,
          glass_columns_a, glass_columns_a, glass_columns_a, glass_columns_b,
          uniq_grunn
Crypt:2:  layout_misc_corridors, nzn_ghost_randoct, grunt_ministairs_12,
          palyth_stone_intersect, roderic_lattice_octagonal_star,
          lemuel_upstairs_altar
Crypt:3:  quadcrypt_mu
Tomb:1:   uniq_khufu
Tomb:2
Tomb:3
Depths:1: layout_gridville, pf_hell_entry_tar_river, nicolae_uskayaw_suspiria,
          fedhas_altar_fruit_tree
Depths:2: kennysheep_blocky_hall, layout_twisted_cross, enter_ziggurat_f,
          hell_entry, pan_entry, regret_index_abyss_entry_earlier_magic,
          elyvilon_altar_3, infiniplex_staircase_pillars_2
Depths:3: minmay_two_paths, layout_basic, hangedman_decor_clover_reticule,
          abyss_entry_small_statue_room, grunt_mini_vestibule, grunt_potential,
          uniq_norris
Depths:4: grunt_zot_entry_gee_three, layout_gridlike,
          ashenzari_conservatory_becter, hangedman_coc_ice_floe,
          gammafunk_ghost_smash, uniq_vv
Hell
Dis:1:    layout_gridville
Dis:2:    layout_regular_city, lemuel_mystery_crypt
Dis:3:    layout_regular_city
Dis:4:    layout_gridville
Dis:5:    layout_gridville, nicolae_hells_fiendish_ambush
Dis:6:    kennysheep_iron_temple, layout_subdivisions,
          nicolae_dis_emergency_hatch
Dis:7:    iron_city_of_dis [dis_old, dis_wall_7], layout_gridville
Geh:1:    layout_gehenna_lava_caves
Geh:2:    layout_gehenna_lava_caves
Geh:3:    layout_gehenna_pools_triple
Geh:4:    layout_gehenna_pools_box, nicolae_geh_single_fiery_grave,
          nicolae_hells_seeping_fissure
Geh:5:    layout_gehenna_pools_basic
Geh:6:    layout_gehenna_pools_basic
Geh:7:    geh_mu
Coc:1:    layout_cocytus_water_paths
Coc:2:    layout_ice_bergs
Coc:3:    nicolae_coc_caina, layout_cocytus_water_paths
Coc:4:    layout_ice_bergs, nicolae_hells_leichenhalle
Coc:5:    nicolae_coc_city_of_iceburg
Coc:6:    layout_ice_bergs
Coc:7:    coc_old
Tar:1:    layout_cathedral_of_symmetry, nicolae_tar_windowcombs
Tar:2:    layout_grid_maze
Tar:3:    layout_grid_maze, evilmike_ambush [evilmike_ambush_outer_basic,
          evilmike_ambush_inner_pond]
Tar:4:    layout_grid_maze
Tar:5:    layout_catacombs
Tar:6:    layout_honeycomb
Tar:7:    tar_mu [tar_mu_maze]
Zot:1:    kennysheep_bubbly, layout_gridville
Zot:2:    layout_gridlike, regret_index_zotdec_dark_gr
Zot:3:    layout_onion_interference, skrybe_zot_glass_2, grunt_megastairs_3
Zot:4:    layout_cellular_growth, hangedman_zot_decor_unnerving_road,
          st_large_dragon_hoard_2
Zot:5:    layout_basic

Skill      XL: |  1  2  3  4  5  6  7  8  9 10 11 12 13 14 15 16 17 18 19 20 21 22 23 24 25 26 27 |
---------------+----------------------------------------------------------------------------------+-----
Axes           | 3 4 5 6 7 8 9 10 14 15 16 17 18 19 20 21 22 23 27 | 27.0
Throwing       | 2 4 6 7 9 10 11 12 13 14 15 16 17 18 19 20 27 | 27.0
Fighting       | 5 6 8 9 11 12 13 15 16 17 18 19 20 21 22 23 24 27 | 27.0
Invocations    | 1 5 6 8 9 10 11 12 14 15 16 17 19 20 21 22 27 | 27.0
Evocations     | 1 5 6 7 8 9 16 | 16.5
Shields        | 5 6 8 9 10 11 12 13 15 16 17 18 19 20 21 22 24 27 | 27.0
Armour         | 5 6 8 9 10 11 12 14 15 16 17 18 19 20 21 22 23 24 27 | 27.0
Dodging        | 1 6 9 10 12 13 22 | 22.4

Action                     |  1- 3 |  4- 6 |  7- 9 | 10-12 | 13-15 | 16-18 | 19-21 | 22-24 | 25-27 || total
---------------------------+-------+-------+-------+-------+-------+-------+-------+-------+-------++-------
  Melee: War axe           |    74 |    26 |       |       |       |       |       |       |       ||   100
         Headbutt          |    12 |    17 |    58 |   134 |   214 |   304 |   339 |   470 |  1432 ||  2980
         Hand axe          |       |    59 |   287 |   598 |    37 |    11 |       |       |       ||   992
         Broad axe         |       |       |       |    70 |   884 |  1069 |  1200 |  1569 |  3987 ||  8779
  Throw: Dart              |     5 |     4 |    35 |     2 |       |       |       |       |     4 ||    50
         Boomerang         |       |       |     9 |     8 |       |       |       |       |       ||    17
         Javelin           |       |       |       |     3 |    18 |    48 |    50 |    62 |   112 ||   293
 Invoke: Heroism           |       |       |       |     3 |    16 |    20 |    22 |    24 |    10 ||    95
         Receive Weapon    |       |       |       |     1 |       |       |       |       |       ||     1
         Receive Armour    |       |       |       |     1 |       |       |       |       |       ||     1
         Finesse           |       |       |       |       |     3 |     1 |     3 |     5 |     3 ||    15
         Cleansing Flame   |       |       |       |       |       |       |       |       |   204 ||   204
         Divine Shield     |       |       |       |       |       |       |       |       |    80 ||    80
         Brand Weapon With |       |       |       |       |       |       |       |       |     1 ||     1
         Summon Divine War |       |       |       |       |       |       |       |       |    20 ||    20
  Evoke: Wand              |       |       |       |     4 |     6 |    12 |     4 |       |    13 ||    39
         Gell's gravitambo |       |       |       |       |     2 |     1 |     1 |       |     3 ||     7
         Lightning rod     |       |       |       |       |       |     2 |       |       |       ||     2
         Phantom mirror    |       |       |       |       |       |       |       |       |     3 ||     3
    Use: Scroll            |       |     9 |     3 |     3 |    15 |     5 |    14 |    12 |    23 ||    84
         Potion            |       |       |       |       |       |     2 |     4 |     7 |    36 ||    49
 Armour: Scale mail        |    42 |       |       |       |       |       |       |       |       ||    42
         Plate armour      |     9 |    81 |   238 |   349 |       |       |       |       |       ||   677
         Crystal plate arm |       |       |       |    55 |   735 |   941 |   730 |   499 |   548 ||  3508
         Gold dragon scale |       |       |       |       |       |       |       |   557 |  1443 ||  2000
         Skin              |       |       |       |       |       |       |       |       |   227 ||   227
  Dodge: Dodged            |    28 |    12 |    82 |   110 |   206 |   423 |   223 |   279 |   566 ||  1929
         Repelled          |       |       |       |       |       |    34 |    78 |   131 |    64 ||   307
  Block: Buckler           |     9 |    17 |    49 |   136 |   189 |       |       |       |       ||   400
         Kite shield       |       |       |       |       |   149 |   784 |   500 |       |       ||  1433
         Tower shield      |       |       |       |       |       |       |   202 |  1380 |  4867 ||  6449

Table legend: (Time is in decaauts)
 A = Elapsed time spent in this place.
 B = Non-inter-level travel time spent in this place.
 C = Inter-level travel time spent in this place.
 D = Time resting spent in this place.
 E = Time spent auto-exploring this place.
 F = Levels seen in this place.
 G = Mean time per level.
                   A        B        C        D        E       F      G
               +--------+--------+--------+--------+--------+-----+--------+
         Total |  69625 |  62710 |   6915 |   1373 |  44695 | 111 |  627.3 |
       Dungeon |  15314 |  13384 |   1930 |    198 |  10886 |  15 | 1020.9 |
        Temple |     12 |      6 |      6 |      0 |      0 |   1 |   12.0 |
          Lair |   5801 |   5142 |    659 |    101 |   4125 |   5 | 1160.2 |
         Swamp |   3361 |   3198 |    163 |    177 |   2467 |   4 |  840.2 |
   Spider Nest |   3728 |   3552 |    176 |      5 |   2816 |   4 |  932.0 |
    Slime Pits |    524 |    507 |     17 |      0 |     20 |   5 |  104.8 |
  Orcish Mines |   2193 |   1893 |    300 |     22 |   1562 |   2 | 1096.5 |
   Elven Halls |   3482 |   3230 |    252 |      4 |   2560 |   3 | 1160.7 |
        Vaults |   6651 |   6313 |    338 |     94 |   4752 |   5 | 1330.2 |
         Crypt |   3927 |   3499 |    428 |      7 |   2781 |   3 | 1309.0 |
          Tomb |   2395 |   2242 |    153 |     35 |   1598 |   3 |  798.3 |
        Depths |   4825 |   4003 |    822 |      0 |   3079 |   4 | 1206.2 |
          Hell |    593 |    416 |    177 |      0 |    204 |   1 |  593.0 |
           Dis |   1559 |   1309 |    250 |    151 |     46 |   7 |  222.7 |
       Gehenna |   1105 |    902 |    203 |      0 |    391 |   7 |  157.9 |
       Cocytus |   1777 |   1551 |    226 |    139 |    358 |   7 |  253.9 |
      Tartarus |    922 |    617 |    305 |     72 |    177 |   7 |  131.7 |
           Zot |   5948 |   5446 |    502 |    313 |   3905 |   5 | 1189.6 |
         Abyss |    587 |    587 |      0 |      0 |    297 |   6 |   97.8 |
   Pandemonium |   3160 |   3160 |      0 |     53 |   1514 |  14 |  225.7 |
        Bazaar |    114 |    114 |      0 |      0 |     80 |   1 |  114.0 |
      Ice Cave |    557 |    557 |      0 |      0 |    416 |   1 |  557.0 |
    Desolation |   1080 |   1080 |      0 |      0 |    657 |   1 | 1080.0 |
               +--------+--------+--------+--------+--------+-----+--------+

Top non-repeatable levels by time:
 Crypt:3: 1708 daAuts
Vaults:4: 1708 daAuts
Vaults:5: 1638 daAuts
   Zot:5: 1574 daAuts
 Crypt:1: 1486 daAuts
Depths:3: 1394 daAuts
  Lair:5: 1389 daAuts
   Zot:1: 1372 daAuts
   Orc:2: 1353 daAuts
     D:4: 1301 daAuts
Vaults:2: 1294 daAuts
   Zot:4: 1286 daAuts
    D:12: 1268 daAuts
    D:11: 1261 daAuts
  Lair:2: 1253 daAuts
